 Dungeon Crawl Stone Soup version 0.31-a0-75-g6fe912e8c5 (webtiles) character file.

Game seed: 12180429099785185183

5376 ragingrage the Slicer (level 10, -6/89 HPs)
             Began as an Armataur Artificer on May 23, 2023.
             Was a High Priest of Uskayaw.
             Mangled by an orc warrior
             ... wielding a +2 scimitar of electrocution
              (11 damage)
             ... on level 8 of the Dungeon.
             The game lasted 00:11:50 (8844 turns).

ragingrage the Slicer (Armataur Artificer)          Turns: 8844, Time: 00:11:51

Health: -6/89      AC: 13    Str: 18    XL:     10   Next: 39%
Magic:  13/13      EV:  6    Int: 11    God:    Uskayaw [*****.]
Gold:   117        SH:  0    Dex: 21    Spells: 7/9 levels left

rFire   . . .        a - +2 dagger (drain)
rCold   . . .        (no shield)
rNeg    . . .        G - +0 chain mail {rPois}
rPois   +            J - +0 helmet
rElec   .            L - +1 cloak {Stlth+}
rCorr   .            (no gloves)
SInv    .            (no barding)
Will    .....        (no amulet)
Stlth   +            v - +6 ring of dexterity
HPRegen 0.34/turn    (no ring)
MPRegen 0.13/turn

%: roll
@: no status effects
A: large, rugged brown scales 3, deformed body, armoured tail, roll, long
tongue, awkward tongue
a: Renounce Religion, Stomp, Line Pass, Grand Finale


You were on level 8 of the Dungeon.
You worshipped Uskayaw.
Uskayaw was noncommittal.
You visited 1 branch of the dungeon, and saw 8 of its levels.

You collected 316 gold pieces.
You spent 199 gold pieces at shops.

Inventory:

Hand Weapons
 a - a +2 dagger of draining (weapon)
 b - a +2 dagger of venom
 o - a +0 rapier
Missiles
 n - 18 poisoned darts
 s - 5 boomerangs
 K - 2 throwing nets
Armour
 D - a scarf of resistance
 G - a +0 chain mail of poison resistance (worn)
 H - a +2 robe of willpower
 J - a +0 helmet (worn)
 L - a +1 cloak of stealth (worn)
Jewellery
 v - a +6 ring of dexterity (left hand)
Wands
 c - a wand of flame (7) (quivered)
 d - a wand of charming (10)
 e - a wand of iceblast (8)
Scrolls
 h - 5 scrolls of teleportation
 i - 4 scrolls of noise {unknown}
 k - 2 scrolls of vulnerability {unknown}
 p - a scroll of brand weapon {unknown}
 q - 2 scrolls of summoning
 u - a scroll of enchant armour
 y - a scroll of enchant weapon {unknown}
 z - a scroll of magic mapping {unknown}
 C - a scroll of torment {unknown}
 E - a scroll of poison {unknown}
 F - a scroll of acquirement {unknown}
 I - a scroll of identify
Potions
 f - a potion of curing
 g - 2 potions of ambrosia
 j - 2 potions of enlightenment
 l - 2 potions of mutation
 m - a potion of invisibility
 r - 2 potions of brilliance
 t - 4 potions of might
 w - a potion of attraction {unknown}
 x - a potion of cancellation {unknown}
 A - a potion of degeneration {unknown}
 B - 2 potions of heal wounds


   Skills:
 + Level 6.5 Fighting
 - Level 10.0 Short Blades
 + Level 7.2 Armour
 - Level 0.6 Dodging
 - Level 3.0 Stealth
 - Level 5.0 Invocations
 - Level 4.0 Evocations


You had 7 spell levels left.
You knew the following spells:

 Your Spells              Type           Power      Damage    Failure   Level
a - Blink                 Tloc           0%         N/A       99%         2

Your spell library contained the following spells:

 Spells                   Type           Power      Damage    Failure   Level
 Apportation              Tloc           0%         N/A       95%         1
 Freeze                   Ice            0%         1d3       95%         1
 Magic Dart               Conj           0%         1d3       95%         1
 Call Imp                 Summ           0%         N/A       99%         2
 Lesser Beckoning         Tloc           0%         N/A       99%         2
 Momentum Strike          Conj/Tloc      0%         3d8       99%         2
 Searing Ray              Conj           0%         2d4       99%         2
 Frozen Ramparts          Ice            0%         1d1       100%        3
 Hailstorm                Conj/Ice       0%         3d3       100%        3
 Mephitic Cloud           Conj/Pois/Air  0%         N/A       100%        3
 Fulminant Prism          Conj/Hex       0%         3d5       100%        4
 Ice Form                 Ice/Tmut       0%         N/A       100%        4
 Alistair's Intoxication  Tmut/Pois      0%         N/A       100%        5
 Simulacrum               Ice/Necr       0%         N/A       100%        6


Dungeon Overview and Level Annotations

Branches:
Dungeon (8/15)             Temple (0/1) D:5
   Lair: D:8-11

Altars:
Ashenzari
Elyvilon
Makhleb
Okawaru
Qazlal
Sif Muna
Uskayaw
Wu Jian

Shops:
D:2 ?   D:3 *   D:4 [   D:6 !==*[:

Annotations:
D:4 Pikel


Innate Abilities, Weirdness & Mutations

You are completely covered in rugged brown scales. (AC +3, +7% HP)
Armour fits poorly on your strangely shaped body.
You have a long armoured tail.
You roll when moving toward enemies. (Rampage)
Your long tongue fully drains potion bottles. (2x potion effects)
Your tongue gives you trouble enunciating. (1.5x scroll delay)


Message History

Something hits you but does no damage.
The orc wizard gestures at you while chanting.
Your orc warrior appears confused.
The ogre barely misses you.
You closely miss something.
The orc wizard gestures at you while chanting.
The puff of flame hits your orc warrior!
Something hits you but does no damage.
You hit something but do no damage.
Reactivating autopickup.
You feel a bit more experienced.
The ogre hits you with a +0 giant club!!
You hit the ogre but do no damage. You tail-slap the ogre. You hit the ogre.
You drain the ogre.
You can now merge with and destroy a victim.
You barely miss the ogre. You tail-slap the ogre.
Your orc warrior barely misses you.
The orc wizard casts a spell at you.
You are confused.
The ogre barely misses you.
Okay, then.
Are you sure you want to stumble around while confused and next to your orc warrior? [Y]es or [N]o only, please.
Are you sure you want to stumble around while confused and next to your orc warrior?
The orc wizard hits your orc warrior but does no damage.
Uskayaw links your audience in an emotional bond!
Things that are here:
a +0 dagger; a +2 robe of positive energy; an orc corpse The ogre hits you with a +0 giant club!!
* * * LOW HITPOINT WARNING * * *
You feel better.
You slurp down every last drop of the potion of curing!
The ogre hits you with a +0 giant club!!
* * * LOW HITPOINT WARNING * * *
You hit the ogre.
You kill the ogre!
You barely miss the orc wizard.
Your orc warrior hits you but does no damage.
You are electrocuted!
You die...

####### '....' #....#
#....#
########''''########
........o)o/.........
~~~~~~~~.@..~~≈~~~~~≈
≈≈≈≈≈≈~))...~≈~≈≈≈~~~
≈~~~~~~~....~~~~~~≈~~
........)....?.......
.........)...........
#####...$............
#................
#................
#................


You could see an orc wizard (pain bonded, ally target) and a friendly orc
warrior (charmed, confused, very drained).

Vanquished Creatures
  A wolf spider zombie (D:7)
  A centaur zombie (D:7)
  2 centaur skeletons (D:7)
  A hornet (D:7)
  A hellwing (D:7)
  Prince Ribbit (D:7)
  A meliai zombie (D:7)
  A wyvern (D:7)
  Eustachio (D:6)
  A sky beast (D:7)
  An orc warrior (D:7)
  2 ice beasts
  A hornet zombie (D:7)
  3 ogres
  3 lemures
  A phantom (D:6)
  A kobold brigand (D:6)
  A gnoll sergeant (D:8)
  3 bullfrogs
  3 scorpions
  6 wights
  An electric eel (D:6)
  3 howler monkeys (D:8)
  3 jellies
  3 gnoll boudas
  3 orc priests
  3 hounds
  2 sleepcaps (D:6)
  Crazy Yiuf (D:7)
  2 iguanas
  6 orc wizards
  Ijyb (D:3)
  8 gnolls
  8 adders
  5 shadow imps
  2 white imps
  4 worms (D:2)
  A dart slug (D:1)
  21 orcs
  7 ball pythons
  2 endoplasms
  5 goblins
  4 hobgoblins
  5 jackals
  10 kobolds
  4 quokkas
  5 frilled lizards
  4 rats
159 creatures vanquished.

Vanquished Creatures (collateral kills)
  A centaur zombie (D:7)
  2 gnolls (D:6)
3 creatures vanquished.

Grand Total: 162 creatures vanquished

Notes
Turn   | Place    | Note
-------+----------+-------------------------------------------
     0 | D:1      | ragingrage the Armataur Artificer began the quest for the
                  | Orb.
     0 | D:1      | Reached XP level 1. HP: 16/16 MP: 1/1
    57 | D:1      | Reached skill level 1 in Fighting
   208 | D:1      | Reached XP level 2. HP: 24/24 MP: 2/2
   762 | D:2      | Found a faded altar of an unknown god.
   916 | D:2      | Found a burning altar of Makhleb.
  1065 | D:2      | Reached XP level 3. HP: 31/31 MP: 3/3
  1190 | D:2      | Reached skill level 1 in Short Blades
  1752 | D:2      | Reached XP level 4. HP: 36/39 MP: 4/4
  1897 | D:2      | Found Vyigg's Magic Scroll Boutique.
  1900 | D:2      | Bought a scroll of blinking for 82 gold pieces
  2078 | D:3      | Reached skill level 2 in Short Blades
  2289 | D:3      | Noticed Ijyb
  2302 | D:3      | Killed Ijyb
  2408 | D:3      | Found an iron altar of Okawaru.
  2411 | D:3      | Found a hide-covered altar of Uskayaw.
  2416 | D:3      | Became a worshipper of Uskayaw the Reveller
  2422 | D:3      | Found a broken altar of Ashenzari.
  2439 | D:3      | Found a white marble altar of Elyvilon.
  2567 | D:3      | Found Ebyt Her's General Store.
  2579 | D:3      | Noticed an ice beast
  2582 | D:3      | Reached * piety under Uskayaw
  2586 | D:3      | Reached ** piety under Uskayaw
  2590 | D:3      | Killed an ice beast
  2590 | D:3      | Reached *** piety under Uskayaw
  2591 | D:3      | Reached skill level 3 in Short Blades
  2591 | D:3      | Reached XP level 5. HP: 36/49 MP: 5/5
  2743 | D:3      | Found a shimmering blue altar of Sif Muna.
  2896 | D:4      | Found Mythuh's Antique Armour Shop.
  2973 | D:4      | Noticed a lemure
  2974 | D:4      | Noticed Pikel
  2994 | D:3      | Killed a lemure
  3086 | D:4      | Noticed a lemure
  3140 | D:4      | Killed a lemure
  3206 | D:4      | Reached XP level 6. HP: 55/55 MP: 6/6
  3484 | D:5      | Entered Level 5 of the Dungeon
  3842 | D:5      | Reached skill level 4 in Short Blades
  4100 | D:5      | Found a staircase to the Ecumenical Temple.
  4371 | D:5      | Noticed an ice beast
  4373 | D:5      | Killed an ice beast
  4374 | D:5      | Reached skill level 5 in Short Blades
  4374 | D:5      | Reached XP level 7. HP: 62/62 MP: 7/7
  4689 | D:5      | Found a stormy altar of Qazlal.
  4831 | D:6      | Found Cicigas's Assorted Antiques.
  4834 | D:6      | Noticed Eustachio
  4840 | D:6      | Found Kaegras's Distillery.
  4843 | D:6      | Killed Eustachio
  4844 | D:6      | Reached skill level 6 in Short Blades
  4850 | D:6      | Found Renniw's Antique Armour Boutique.
  4850 | D:6      | Found Zosemuast's Jewellery Shop.
  4881 | D:6      | Found Raji's Book Shop.
  4881 | D:6      | Found Jurahal's Jewellery Boutique.
  4938 | D:6      | Bought a potion of heal wounds for 65 gold pieces
  4938 | D:6      | Bought a potion of might for 52 gold pieces
  5081 | D:6      | Reached skill level 7 in Short Blades
  5084 | D:6      | Reached **** piety under Uskayaw
  5370 | D:6      | Reached XP level 8. HP: 52/70 MP: 8/8
  5681 | D:7      | Reached skill level 8 in Short Blades
  5737 | D:7      | Noticed Prince Ribbit
  5746 | D:7      | Killed Prince Ribbit
  5764 | D:7      | Noticed a hellwing
  5765 | D:7      | Noticed a hellwing
  5836 | D:7      | Reached skill level 9 in Short Blades
  5950 | D:7      | HP: 1/70 [hellwing (6)]
  5951 | D:7      | Killed a hellwing
  5952 | D:7      | Reached skill level 10 in Short Blades
  5952 | D:7      | Reached XP level 9. HP: 2/75 MP: 9/9
  6005 | D:7      | Reached skill level 1 in Invocations
  6412 | D:7      | Reached skill level 5 in Fighting
  6413 | D:7      | Reached skill level 5 in Armour
  6788 | D:7      | Found an ornate altar of the Wu Jian Council.
  6872 | D:7      | Learned a level 2 spell: Blink
  7070 | D:7      | Reached XP level 10. HP: 66/87 MP: 13/13
  7214 | D:7      | Found a runed translucent door.
  7215 | D:7      | Noticed Crazy Yiuf
  8116 | D:7      | Killed Crazy Yiuf
  8588 | D:7      | Reached skill level 5 in Invocations
  8666 | D:8      | Reached ***** piety under Uskayaw
  8842 | D:8      | HP: 4/89 [ogre/+0 giant club (18)]
  8844 | D:8      | Mangled by an orc warrior

Illustrated notes

Levels and vault maps discovered:
D:1:      noname_arrival_rooms_in_the_neighbourhood, layout_basic
D:2:      layout_loops_cross, basic_altar, ebering_ecumenical_altar_abandoned,
          serial_shops, nicolae_shop_rolled_up, minmay_ruptured
D:3:      layout_loops_ring, nicolae_sif_muna_little_library,
          grunt_temple_overflow_cloverleaf, serial_shops, nicolae_shop_stone,
          uniq_ijyb
D:4:      wad_woods_pond, layout_basic, lemuel_round_altar, serial_shops, shop,
          kennysheep_generic_room_5, uniq_pikel
D:5:      layout_gridville, nicolae_overflow_hidden_temple,
          minmay_temple_entry_junction
D:6:      layout_loops_ring, chequers_serial_rivers_micro_d,
          chequers_serial_rivers_marsh, nicolae_shop_national_dungeon_mall,
          uniq_eustachio
D:7:      cheibrodos_grave_circle, layout_loops_corners,
          nicolae_wu_jian_wuxing_cycle, item_on_display_a,
          uniq_crazy_yiuf_cottage, uniq_prince_ribbit1
D:8:      lemuel_castle_with_subvaults [lemuel_castle_interior_carwin_3],
          layout_basic, mainiacjoe_overflow_24_doors, guppyfry_shop_venom

Skill      XL: |  1  2  3  4  5  6  7  8  9 10 |
---------------+-------------------------------+-----
Fighting       | 1 2 3 5 6 |  6.5
Stealth        | 2 3 |  3.0
Short Blades   | 1 3 5 7 10 | 10.0
Armour         | 5 7 |  7.2
Invocations    | 4 5 |  5.0
Evocations     | 4 |  4.0
Dodging        | |  0.6

Action                     |  1- 3 |  4- 6 |  7- 9 | 10-12 || total
---------------------------+-------+-------+-------+-------++-------
  Melee: Club              |    46 |       |       |       ||    46
         Tailslap          |    14 |    18 |    46 |    42 ||   120
         Short sword       |    19 |       |       |       ||    19
         Dagger            |    53 |   162 |   251 |   218 ||   684
         Punch             |       |     2 |     7 |     4 ||    13
  Evoke: Wand              |       |     2 |    11 |     2 ||    15
    Use: Scroll            |       |     1 |    10 |       ||    11
         Potion            |       |       |     3 |     1 ||     4
   Stab: Sleeping          |       |     2 |     2 |       ||     4
         Paralysed         |       |       |     9 |    12 ||    21
 Armour: Leather armour    |    38 |    22 |       |       ||    60
         Ring mail         |       |    33 |    61 |       ||    94
         Chain mail        |       |       |     8 |    89 ||    97
  Dodge: Dodged            |    35 |    56 |    58 |    47 ||   196

Table legend: (Time is in decaauts)
 A = Elapsed time spent in this place.
 B = Non-inter-level travel time spent in this place.
 C = Inter-level travel time spent in this place.
 D = Time resting spent in this place.
 E = Time spent auto-exploring this place.
 F = Levels seen in this place.
 G = Mean time per level.
                   A        B        C        D        E       F      G
               +--------+--------+--------+--------+--------+-----+--------+
         Total |   8599 |   8357 |    242 |   2403 |   4505 |   8 | 1074.9 |
       Dungeon |   8599 |   8357 |    242 |   2403 |   4505 |   8 | 1074.9 |
               +--------+--------+--------+--------+--------+-----+--------+

Top non-repeatable levels by time:
     D:7: 2141 daAuts
     D:2: 1250 daAuts
     D:5: 1223 daAuts
     D:6: 1212 daAuts
     D:3: 900 daAuts
     D:1: 742 daAuts
     D:4: 582 daAuts
     D:8: 546 daAuts
